 Dungeon Crawl Stone Soup version 0.32-a0-125-g6e397d8 (webtiles) character file.

Game seed: 2133526695826098193

2170 staltz the Martial Artist (level 9, 0/60 HPs)
             Began as a Djinni Shapeshifter on Feb 6, 2024.
             Was a Believer of Elyvilon.
             Slain by a wyvern (11 damage)
             ... on level 7 of the Dungeon on Feb 7, 2024.
             The game lasted 00:30:02 (9136 turns).

staltz the Martial Artist (Djinni Shapeshifter)     Turns: 9136, Time: 00:30:03

Health: 0/60       AC:  6    Str: 15    XL:     9   Next: 58%
Gold:   87         EV: 15    Int: 14    God:    Elyvilon [**....] SH:  0 Dex: 21

rFire   + .          .
                       - Unarmed
rCold   x . .        (no shield)
rNeg    . . .        F - +0 steam dragon scales
rPois   ∞            (helmet currently unavailable)
rElec   .            (cloak currently unavailable)
rCorr   +            (gloves currently unavailable)
SInv    .            (boots unavailable)
Will    +....        m - amulet of the acrobat
Stlth   +++          t - ring "Qizxat" {rF- Will+ rCorr Int+2 Dex+6}
HPRegen 0.30/turn    (no ring)
MPRegen 0.00/turn

%: acrobat, infuse magic (-1 HP)
@: beast-form, flying
A: beast (slay +2), flying, sickness immunity, fire resistance 2, cold
vulnerability 1, float, innate caster, HP casting, extra vitality 1
a: Begin Untransformation, Renounce Religion, Purification, Heal Other


You were on level 7 of the Dungeon.
You worshipped Elyvilon.
Elyvilon was pleased with you.
You were a hulking beast.
You visited 2 branches of the dungeon, and saw 8 of its levels.

You collected 285 gold pieces.
You spent 198 gold pieces at shops.

Inventory:

Missiles
 k - 5 poisoned darts (quivered)
 l - 5 datura-tipped darts
 n - 7 boomerangs
 E - a curare-tipped dart
Armour
 a - a +1 animal skin
 i - a +0 helmet
 p - a +0 ring mail
 w - a +0 chain mail
 z - a scarf of shadows
 F - +0 steam dragon scales (worn)
Jewellery
 m - an amulet of the acrobat (around neck)
 t - the ring "Qizxat" (left hand) {rF- Will+ rCorr Int+2 Dex+6}
   (You found it on level 2 of the Dungeon)

   [ring of dexterity]

   Int+2:     It affects your intelligence (+2).
   Dex+6:     It affects your dexterity (+6).
   rF-:       It makes you vulnerable to fire.
   Will+:     It increases your willpower.
   rCorr:     It protects you from acid and corrosion.
 x - a ring of ice
Talismans
 c - a beast talisman (active)
 d - a flux talisman
Wands
 o - a wand of digging (4)
 r - a wand of quicksilver (3)
Scrolls
 v - 2 scrolls of amnesia
 y - a scroll of teleportation
 A - a scroll of enchant armour
 C - 2 scrolls of identify
 D - a scroll of brand weapon
Potions
 b - 2 potions of lignification
 e - a potion of brilliance
 f - 3 potions of curing
 g - a potion of mutation {unknown}
 h - a potion of haste {unknown}
 j - a potion of heal wounds
 q - a potion of invisibility {unknown}
 s - 2 potions of berserk rage {unknown}
 u - 2 potions of might
 B - a potion of attraction {unknown}


   Skills:
 + Level 3.0 Fighting
 - Level 1.1 Throwing
 + Level 4.5 Armour
 + Level 5.3 Dodging
 + Level 2.8 Stealth
 + Level 8.3 Unarmed Combat
 + Level 0.8 Evocations
 + Level 4.4 Shapeshifting


You knew the following spells:

 Your Spells              Type           Power      Damage    Failure   Level
a - Necrotise             Necr           0%         1d4       28%         1
b - Scorch                Fire           0%         2d5       41%         2
c - Dazzling Flash        Conj/Hex       0%         N/A       65%         3
d - Summon Ice Beast      Ice/Summ       0%         N/A       65%         3
Your spell library was empty.

Dungeon Overview and Level Annotations

Branches:
Dungeon (7/15)             Temple (1/1) D:4

Altars:
Ashenzari
Cheibriados
Dithmenos
Elyvilon
Fedhas
Gozag
Hepliaklqana
Makhleb
Nemelex Xobeh
Okawaru
Qazlal
Ru
Trog
Uskayaw
Wu Jian
Xom
Yredelemnul
Zin
The Shining One

Shops:
D:4 !

Annotations:
D:4 exclusion: rust devil
D:6 1 runed translucent door, kasel's ghost, novice DrSh


Innate Abilities, Weirdness & Mutations

You are a hulking beast.
Your limbs bulge with bestial killing power. (Slay +2)
You are flying.
You are immune to sickness and miasma.
You are immune to poison.
Your flesh is very heat resistant. (rF++)
You are vulnerable to cold. (rC-)
You float through the air rather than walking.
You learn spells naturally, not from books.
Your magical power is your life essence.
You have superior vitality. (+4 MHP)


Message History

Throw: 8 darts (poison)
Press: ? - help, Q - select action, (/) - cycle Shift-Dir - straight line, f - wyvern
Aim: a wyvern (water, 63% to hit)
Okay, then.
There is an open door here.
Throw: 8 darts (poison)
Press: ? - help, Q - select action, (/) - cycle Shift-Dir - straight line, f - wyvern
Aim: a wyvern (63% to hit)
You throw a poisoned dart.
The poisoned dart closely misses the wyvern.
Unknown command.
Throw: 7 darts (poison)
Press: ? - help, Q - select action, (/) - cycle Shift-Dir - straight line, f/p - wyvern
Aim: a wyvern (63% to hit)
You throw a poisoned dart. The poisoned dart hits the wyvern.
The wyvern completely misses you.
The wyvern bites you but does no damage.
You hit the wyvern.
The wyvern is lightly wounded.
The wyvern barely misses you.
You hit the wyvern.
The wyvern is lightly wounded.
The wyvern bites you.
You hit the wyvern but do no damage.
The wyvern is lightly wounded.
The wyvern bites you!
You hit the wyvern.
The wyvern is moderately wounded.
The wyvern bites you!
* * * LOW HITPOINT WARNING * * *
The wyvern bites you!
* * * LOW HITPOINT WARNING * * *
Throw: 6 darts (poison)
Press: ? - help, Q - select action, (/) - cycle Shift-Dir - straight line, f/p - wyvern
Aim: a wyvern (moderately wounded, 63% to hit)
You throw a poisoned dart. The poisoned dart hits the wyvern.
The wyvern is poisoned.
The wyvern is moderately wounded.
The wyvern bites you!
You die...

#.~≈≈~.#
####.#..###...
#.≈≈~~.# #......##
### #......#
#.###.########
####'####
#..##..... #.##.##
#.####.##.....
#.k..(#
#.............
#####.#
#######....... #k#
##....). #h#
########>..... #.#
#............. #.#
#.......#####.
#.###.............
#..######..#######
##.# ####.##
#.###....#
#.....#### #######


You could see a wyvern (poisoned).

Vanquished Creatures
  Maggie (D:7)
  Grinder (D:4)
  A water moccasin (D:7)
  A sky beast (D:6)
  A black bear (D:4)
  An ice beast (D:5)
  4 ogres
  4 phantoms
  A kobold brigand (D:7)
  2 bullfrogs (D:7)
  A scorpion (D:7)
  A bombardier beetle (D:7)
  A hound (D:7)
  An orc priest (D:4)
  A jelly (D:5)
  A sleepcap (D:6)
  4 iguanas
  3 gnolls (D:5)
  5 adders
  A shadow imp (D:6)
  2 white imps
  3 dart slugs
  2 ribbon worms
  5 orcs
  5 endoplasms
  3 giant cockroaches
  6 hobgoblins
  4 quokkas
  A ball python (D:1)
  2 bats
  3 frilled lizards
  5 goblins
  9 kobolds
  6 rats
92 creatures vanquished.

Vanquished Creatures (collateral kills)
  5 orcs (D:4)
5 creatures vanquished.

Vanquished Creatures (others)
  An orc (D:4)
1 creature vanquished.

Grand Total: 98 creatures vanquished

Notes
Turn   | Place    | Note
-------+----------+-------------------------------------------
     0 | D:1      | staltz the Djinni Shapeshifter began the quest for the Orb.
     0 | D:1      | Reached XP level 1. HP: 17/17 MP: 0/0
   144 | D:1      | Reached XP level 2. HP: 21/22 MP: 0/0
   185 | D:1      | Upgraded the game from 0.32-a0-116-gaf751e2 to
                  | 0.32-a0-125-g6e397d8
   914 | D:2      | Reached XP level 3. HP: 26/27 MP: 0/0
   914 | D:2      | Learned a level 1 spell: Necrotise
  1400 | D:2      | Identified the ring "Qizxat" {rF- Will+ rCorr Int+2 Dex+6}
  1647 | D:2      | Identified the +9 whip of Akoinuca {heavy, rF+ Int+2
                  | Stlth+}
  2017 | D:3      | Reached XP level 4. HP: 28/32 MP: 0/0
  2235 | D:4      | Noticed a phantom
  2359 | D:4      | Noticed a rust devil
  2656 | D:4      | Noticed a phantom
  2671 | D:4      | Killed a phantom
  2672 | D:4      | Reached skill level 1 in Throwing
  2672 | D:4      | Reached skill level 1 in Stealth
  2672 | D:4      | Reached skill level 4 in Unarmed Combat
  2672 | D:4      | Reached XP level 5. HP: 19/37 MP: 0/0
  2672 | D:4      | Learned a level 2 spell: Scorch
  2758 | D:4      | Noticed an angel
  2765 | D:4      | Noticed a black bear
  2812 | D:4      | Killed a phantom
  2813 | D:4      | Reached XP level 6. HP: 16/42 MP: 0/0
  3209 | D:4      | Found a staircase to the Ecumenical Temple.
  3268 | Temple   | Entered the Ecumenical Temple
  3369 | Temple   | Became a worshipper of Elyvilon the Healer
  3492 | D:4      | Killed a black bear
  3493 | D:4      | Reached skill level 5 in Unarmed Combat
  3650 | D:4      | Found an iron altar of Okawaru.
  3650 | D:4      | Found a broken altar of Ashenzari.
  3650 | D:4      | Noticed Grinder
  3827 | D:4      | Found Tisux's Distillery.
  3881 | D:4      | Noticed an ogre
  3891 | D:4      | Elyvilon protects you from harm!
  3896 | D:4      | Killed an ogre
  3897 | D:4      | Reached XP level 7. HP: 17/49 MP: 0/0
  3897 | D:4      | Learned a level 3 spell: Dazzling Flash
  4091 | D:4      | Bought a potion of brilliance for 44 gold pieces
  4091 | D:4      | Bought a potion of heal wounds for 55 gold pieces
  4091 | D:4      | Bought a potion of might for 44 gold pieces
  4091 | D:4      | Bought a potion of heal wounds for 55 gold pieces
  4189 | D:4      | Found a basalt altar of Yredelemnul.
  4191 | D:4      | Found a faded altar of an unknown god.
  4192 | D:4      | Found a faded altar of an unknown god.
  4541 | D:4      | Found Tisux's Distillery.
  4987 | D:4      | Found an iron altar of Okawaru.
  4987 | D:4      | Found a broken altar of Ashenzari.
  4993 | D:4      | Found a basalt altar of Yredelemnul.
  4995 | D:4      | Found a faded altar of an unknown god.
  4997 | D:4      | Found a faded altar of an unknown god.
  5047 | D:5      | Entered Level 5 of the Dungeon
  5702 | D:5      | Reached skill level 6 in Unarmed Combat
  5729 | D:5      | Reached * piety under Elyvilon
  5866 | D:5      | Reached XP level 8. HP: 47/54 MP: 0/0
  6620 | D:6      | Reached skill level 5 in Dodging
  6696 | D:6      | Found a runed translucent door.
  6697 | D:6      | Noticed kasel's ghost (novice DrSh)
  6940 | D:6      | Reached skill level 1 in Armour
  7049 | D:6      | Found a sacrificial altar of Ru.
  7069 | D:6      | Reached skill level 7 in Unarmed Combat
  7106 | D:6      | Reached ** piety under Elyvilon
  7540 | D:7      | Noticed a wyvern
  7696 | D:4      | Found Tisux's Distillery.
  7820 | D:4      | Killed Grinder
  8032 | D:4      | Found a staircase to the Ecumenical Temple.
  8252 | D:4      | Found an iron altar of Okawaru.
  8252 | D:4      | Found a broken altar of Ashenzari.
  8259 | D:4      | Found a basalt altar of Yredelemnul.
  8261 | D:4      | Found a faded altar of an unknown god.
  8263 | D:4      | Found a faded altar of an unknown god.
  8459 | D:7      | Reached XP level 9. HP: 32/59 MP: 0/0
  8459 | D:7      | Learned a level 3 spell: Summon Ice Beast
  8905 | D:7      | Noticed Maggie
  8912 | D:7      | Reached skill level 8 in Unarmed Combat
  8923 | D:7      | Killed Maggie
  9136 | D:7      | Slain by a wyvern

Illustrated notes

Levels and vault maps discovered:
D:1:      scummos_arrival_gate, layout_basic, chequers_serial_rivers_micro_e
D:2:      layout_rooms, serial_bayou, serial_bayou_shore_b,
          serial_bayou_crossing, serial_bayou_shore_b, serial_bayou_pond_c,
          serial_bayou_pond_e, serial_bayou_shore_a
D:3:      layout_rooms
D:4:      layout_gridville, chequers_temple_overflow_minitemple, temple_garden,
          serial_shops, nicolae_inconvenience_store, palyth_stone_intersect,
          kennysheep_generic_room_14, uniq_grinder
D:5:      layout_basic
D:6:      layout_loops_ring, nicolae_ru_sacrificial_ziggurat,
          ebering_ghost_reflecting_pool, st_stairs_4
D:7:      layout_rooms, nrook_pool_corridor, uniq_maggie
Temple:   nicolae_temple_bog_church

Skill      XL: |  1  2  3  4  5  6  7  8  9 |
---------------+----------------------------+-----
Shapeshifting  | 3 4 |  4.4
Throwing       | 1 |  1.1
Stealth        | 1 2 |  2.8
Unarmed Combat | 4 5 6 7 8 |  8.3
Dodging        | 3 4 5 |  5.3
Fighting       | 2 3 |  3.0
Armour         | 2 4 |  4.5
Evocations     | |  0.8

Action                     |  1- 3 |  4- 6 |  7- 9 || total
---------------------------+-------+-------+-------++-------
  Melee: Unarmed           |    91 |    70 |   159 ||   320
         Punch             |     3 |     1 |    14 ||    18
  Throw: Dart              |    27 |    15 |    64 ||   106
         Boomerang         |       |       |    34 ||    34
  Evoke: Wand              |       |       |     5 ||     5
    Use: Scroll            |     1 |    10 |     1 ||    12
         Potion            |       |     2 |     1 ||     3
   Stab: Sleeping          |     3 |     1 |     1 ||     5
 Armour: Animal skin       |    20 |    25 |     7 ||    52
         Skin              |       |   120 |       ||   120
         Ring mail         |       |       |    69 ||    69
         Steam dragon scal |       |       |     6 ||     6
  Dodge: Dodged            |    47 |    46 |    85 ||   178
   Form: Beast             |       |     1 |       ||     1

Table legend: (Time is in decaauts)
 A = Elapsed time spent in this place.
 B = Non-inter-level travel time spent in this place.
 C = Inter-level travel time spent in this place.
 D = Time resting spent in this place.
 E = Time spent auto-exploring this place.
 F = Levels seen in this place.
 G = Mean time per level.
                   A        B        C        D        E       F      G
               +--------+--------+--------+--------+--------+-----+--------+
         Total |   9110 |   8740 |    370 |   1934 |   5315 |   8 | 1138.8 |
       Dungeon |   8991 |   8637 |    354 |   1868 |   5315 |   7 | 1284.4 |
        Temple |    118 |    102 |     16 |     66 |      0 |   1 |  118.0 |
               +--------+--------+--------+--------+--------+-----+--------+

Top non-repeatable levels by time:
     D:4: 3430 daAuts
     D:5: 1484 daAuts
     D:2: 1123 daAuts
     D:6: 1089 daAuts
     D:7: 686 daAuts
     D:1: 625 daAuts
     D:3: 551 daAuts
  Temple: 118 daAuts
